AoeStats
← 打一下就投

Arena

510479944Analyzed
4v4 RM · 15h ago on Oct 1, 2026· 40m 51s· 8 players
Game mode
Random Map
Map size
Large (8 player)
Population
200
Speed
Normal
Resources
Standard
Victory
Conquest
Starting age
Dark Age
Ending age
Imperial Age
RankedLock teamsTeams togetherTeam positionsShared explorationLock speedFull tech treeHidden civsTurbo modeCheats
Victory
Defeat
🇨🇳 Persians · China
1022
+15
🇨🇳 Danes · China
1005
+16
🇨🇳 Cumans · China
990
+16
🇨🇳 Spanish · China
966
+36
🇨🇳 Slavs · China
1038
-18
🇷🇴 Inca · Romania
1013
-17
🇨🇳 Georgians · China
979
-15
🇺🇸 Khmer · United States
951
-14
Aisha
10:33 Feudal Age
11:44 Double-Bit Axe
14:20 Castle Age
14:42 Horse Collar
20:59 Loom
26:16 Wheelbarrow
29:41 Imperial Age
27:22 Scale Barding Armor
27:13 Gold Mining
27:53 Heavy Plow
28:12 Hand Cart
28:43 Gold Shaft Mining
28:21 Forging
28:46 Bow Saw
28:32 Town Watch
29:25 Town Patrol
30:28 Iron Casting
30:14 Chain Barding Armor
31:20 Bloodlines
30:44 Cavalier
31:56 Masonry
32:50 Blast Furnace
32:17 Conscription
33:13 Two-Man Saw
32:45 Crop Rotation
33:17 Plate Barding Armor
32:06 Paladin
36:55 Murder Holes
36:32 Light Cavalry
lunb829195
10:35 Feudal Age
15:05 Castle Age
16:46 Wheelbarrow
16:05 Double-Bit Axe
16:29 Gold Mining
20:43 Stone Mining
22:02 Horse Collar
26:17 Gold Shaft Mining
26:14 Bow Saw
26:58 Hand Cart
29:31 Imperial Age
27:55 Stone Shaft Mining
27:26 Loom
28:06 Scale Barding Armor
28:12 Forging
28:19 Masonry
29:13 Chain Barding Armor
28:49 Town Watch
30:11 Heavy Plow
30:52 Iron Casting
31:13 Plate Barding Armor
31:07 Conscription
31:22 Elite War Elephant
33:41 Blast Furnace
32:35 Fletching
34:42 Chemistry
34:03 Ballistics
34:08 Devotion
34:36 Bloodlines
34:27 Husbandry
34:47 Town Patrol
34:50 Padded Archer Armor
34:58 Kamandaran
36:19 Leather Archer Armor
36:00 Bodkin Arrow
36:41 Architecture
37:41 Thumb Ring
37:24 Crossbowman
41:00 Two-Man Saw
40:34 Crop Rotation
41:58 Ring Archer Armor
41:28 Scale Mail Armor
打一下就投
5:33 Loom
10:46 Feudal Age
11:22 Double-Bit Axe
11:34 Gold Mining
13:42 Stone Mining
18:57 Castle Age
20:52 Bow Saw
20:25 Horse Collar
21:30 Padded Archer Armor
21:24 Fletching
23:04 Heavy Plow
25:03 Bodkin Arrow
33:49 Imperial Age
33:00 Wheelbarrow
34:35 Scale Barding Armor
34:31 Bracer
36:16 Two-Man Saw
35:38 Hand Cart
35:29 Elite Conquistador
37:25 Conscription
38:47 Ballistics
39:28 Chemistry
QHX
11:23 Feudal Age
12:41 Double-Bit Axe
15:07 Castle Age
13:48 Horse Collar
16:06 Wheelbarrow
17:13 Bow Saw
17:42 Heavy Plow
24:31 Stone Mining
26:17 Hand Cart
25:48 Loom
26:08 Gold Mining
30:13 Imperial Age
28:25 Gold Shaft Mining
28:12 Forging
28:03 Scale Mail Armor
28:17 Town Watch
29:15 Stone Shaft Mining
29:51 Chain Mail Armor
30:12 Iron Casting
30:40 Elite Jomsviking
32:09 Plate Mail Armor
31:33 Hamask
33:20 Conscription
33:39 Town Patrol
34:58 Blast Furnace
33:49 Fletching
33:24 Onager
33:30 Northmen's Fury
38:29 Bodkin Arrow
39:19 Siege Engineers
39:38 Bracer
littlesuperstar
0:27 Loom
14:51 Feudal Age
19:07 Castle Age
16:58 Double-Bit Axe
16:56 Horse Collar
18:27 Stone Mining
19:10 Gold Mining
27:06 Bow Saw
27:53 Wheelbarrow
28:51 Heavy Plow
30:45 Stone Shaft Mining
30:46 Gold Shaft Mining
32:19 Fortified Wall
32:05 Murder Holes
35:42 Imperial Age
34:10 Caravan
34:41 Coinage
35:22 Scale Barding Armor
35:27 Forging
35:18 Scale Mail Armor
35:18 Padded Archer Armor
35:09 Fletching
36:43 Double Crossbow
37:47 Chemistry
37:45 Hand Cart
37:06 Heavy Scorpion
39:03 Onager
39:04 Capped Ram
39:42 Elite Battle Elephant
YK@
9:36 Feudal Age
15:00 Castle Age
14:41 Stone Mining
23:22 Double-Bit Axe
26:50 Champi Runner
27:39 Squires
27:44 Champi Warrior
29:53 Horse Collar
30:24 Bow Saw
31:18 Scale Mail Armor
31:28 Forging
36:10 Imperial Age
34:20 Fletching
34:39 Heavy Plow
34:30 Gold Mining
35:50 Iron Casting
35:30 Chain Mail Armor
36:18 Wheelbarrow
35:31 Town Watch
36:13 Arson
36:46 Chain Mail Armor
38:12 Conscription
38:24 Elite Champi Warrior
38:59 Loom
39:54 Bodkin Arrow
xxzxg_Nono
5:08 Loom
9:36 Feudal Age
15:19 Castle Age
13:33 Horse Collar
14:32 Forging
14:57 Double-Bit Axe
16:45 Pikeman
18:56 Heavy Plow
19:59 Man-at-Arms
22:41 Bow Saw
29:36 Imperial Age
26:50 Long Swordsman
28:28 Wheelbarrow
27:52 Stone Mining
28:18 Squires
29:54 Hand Cart
29:44 Caravan
30:02 Gold Mining
29:50 Two-Handed Swordsman
31:28 Gold Shaft Mining
32:17 Conscription
31:41 Champion
34:00 Ballistics
34:46 Two-Man Saw
34:54 Druzhina
35:31 Detinets
36:15 Scale Mail Armor
36:50 Iron Casting
35:43 Pikeman
36:44 Halberdier
40:20 Blast Furnace
39:35 Chain Mail Armor
xuzhongxing
5:02 Loom
9:01 Feudal Age
9:48 Double-Bit Axe
9:55 Town Watch
10:48 Wheelbarrow
10:28 Horse Collar
19:05 Castle Age
20:47 Bow Saw
20:42 Heavy Plow
21:53 Gold Mining
21:54 Stone Mining
23:26 Hand Cart
25:59 Stone Shaft Mining
26:35 Fervor
26:26 Devotion
26:22 Treadmill Crane
28:29 Ballistics
28:06 Murder Holes
28:22 Herbal Medicine
29:29 Town Watch
29:55 Caravan
30:25 Coinage
31:14 Masonry
32:51 Fortified Wall
36:32 Imperial Age
34:03 Town Patrol
35:19 Scale Barding Armor
35:25 Forging
35:15 Scale Mail Armor
35:06 Fletching
35:18 Padded Archer Armor
35:20 Pikeman
36:00 Squires
35:46 Arson
37:05 Chain Mail Armor
37:04 Halberdier
38:33 Conscription
38:22 Aznauri Cavalry
39:10 Bloodlines
39:01 Husbandry
38:22 Cavalier
39:42 Plate Mail Armor
39:48 Iron Casting
39:58 Crop Rotation
41:42 Chain Barding Armor
42:22 Blast Furnace
Connection lost

Rejoining the realm…

Still unreachable

The connection could not be restored.

Session expired

The server has moved on; the page needs a fresh start.